 Dungeon Sprint DCSS version 0.29.1-2-gbd0b4ee654 (webtiles) character file.

Game seed: 11789179588070489747

4940 boopmooplesden the Bludgeoner (level 10, -1/107 HPs)
             Began as a Minotaur Berserker on Nov 23, 2022.
             Was the Champion of Trog.
             Succumbed to a killer bee's poison
             ... in the Dungeon (Sprint III: "The Ten Rune Challenge").
             The game lasted 00:06:51 (1764 turns).

boopmooplesden the Bludgeoner (Minotaur Berserker)  Turns: 1764, Time: 00:06:52

Health: -1/107     AC:  3    Str: 29    XL:     10   Next: 28%
Magic:  8/8        EV: 15    Int:  4    God:    Trog [******]
Gold:   1340       SH:  0    Dex:  8    Spells: 9/9 levels left

rFire   . . .      SeeInvis .   c - +10 great mace "Umulum" {flame, Str+3 Dex-2 Stlth+}
rCold   . . .      Faith    .   (shield currently unavailable)
rNeg    . . .      Spirit   .   j - +1 robe {Will+}
rPois   .          Reflect  .   (helmet restricted)
rElec   .          Harm     .   (no cloak)
rCorr   .          Rampage  .   (no gloves)
Will    +++..      NoTele   +   (no boots)
Stlth   ++++......              (no amulet)
HPRegen 2.07/turn               (no ring)
MPRegen 0.11/turn               (no ring)

@: lethally poisoned (-1 -> -5), strong-willed, on berserk cooldown,
regenerating, slowed, very slow
A: horns 2, retaliatory headbutt, fangs 1, low MP 1, regeneration 1
a: Renounce Religion, Berserk, Trog's Hand, Brothers in Arms


You were in the Dungeon.
You worshipped Trog.
Trog was exalted by your worship.
You visited 1 branch You collected 1430 gold pieces.
You spent 90 gold pieces at shops.

Inventory:

Hand Weapons
 a - a +0 mace
 c - the +10 great mace "Umulum" (weapon) {flame, Str+3 Dex-2 Stlth+}
   (Trog gifted it to you in the Dungeon)

   It burns those it strikes, dealing additional fire damage.
   Str:       It affects your strength (+3).
   Dex:       It affects your dexterity (-2).
   Stlth:     It makes you more stealthy.
 d - a +1 dire flail
 q - a +0 long sword of holy wrath
 s - a +0 short sword
Armour
 b - a +0 animal skin
 j - a +1 robe of willpower (worn)
 n - a +0 ring mail
 t - a +2 robe of cold resistance
Wands
 l - a wand of digging (7)
Scrolls
 h - a scroll of blinking
 k - a scroll of poison
Potions
 e - a potion of haste
 f - 2 potions of magic
 g - a potion of berserk rage
 i - a potion of flight {unknown}
 m - a potion of might
 o - a potion of attraction
 p - 3 potions of mutation
Miscellaneous
 r - a phantom mirror


   Skills:
 + Level 15.8 Fighting
 + Level 18.6 Maces & Flails
 + Level 7.3 Armour
 + Level 12.2 Dodging
 + Level 5.4 Stealth
 + Level 0.2 Evocations


You had 9 spell levels left.
You didn't know any spells.
Your spell library was empty.

Dungeon Overview and Level Annotations

Branches:
Dungeon (1/1)

Altars:
Cheibriados
Dithmenos
Elyvilon
Fedhas
Gozag
Hepliaklqana
Kikubaaqudgha
Makhleb
Nemelex Xobeh
Okawaru
Qazlal
Ru
Sif Muna
Trog
Uskayaw
Vehumet
Wu Jian
Xom
Yredelemnul
Zin
The Shining One
Jiyva
Lugonu

Shops:
D *


Innate Abilities, Weirdness & Mutations

You have a pair of horns on your head.
You reflexively headbutt those who attack you in melee.
You have very sharp teeth.
Your magical capacity is low. (-10% MP)
Your natural rate of healing is unusually fast.


Message History

The killer bee stings you but does no damage.
You closely miss the killer bee.
You feel sick. The killer bee stings you.
* * * LOW HITPOINT WARNING * * *
You are more poisoned.
The killer bee poisons you!
You miss the killer bee. You headbutt the killer bee!
The killer bee is heavily wounded.
You feel sick. The killer bee closely misses you. You furiously retaliate!
You headbutt the killer bee!
You kill the killer bee!
Trog accepts your kill.
You feel sick. The killer bee stings you!
* * * LOW HITPOINT WARNING * * *
The killer bee barely misses you.
Items here: †††††††.
You feel a strong urge to attack something.
You are no longer berserk.
You are exhausted.
You feel yourself slow down.
You feel sick.
The killer bee buzzes angrily.
The killer bee stings you!
* * * LOW HITPOINT WARNING * * *
The killer bee barely misses you.
Okay, then.
Your skin crawls.
You feel strong-willed.
You feel very sick. The killer bee stings you!
* * * LOW HITPOINT WARNING * * *
The killer bee stings you.
* * * LOW HITPOINT WARNING * * *
You are lethally poisoned!
The killer bee poisons you! The killer bee closely misses you.
You furiously retaliate!
You headbutt the killer bee!
You kill the killer bee!
Trog accepts your kill.
The killer bee fails to trigger a net trap.
The killer bee barely misses you. The killer bee completely misses you.
Unknown command.
You die...

#)_#..........# #'##.........##
...#..........# ...#.)#..###..#
##'#)#.#.# ###
...#)###########################
...#†)).#.#.#.)...#.^..^.'..y~≈#
...##.#..#.##)###†#......#
...'##)#.#.##.#.@##......#
...#.).#..#..##.y†y^.....#
▓▓▓▓▓▓▓▓▓▓▓▓▓▓▓▓▓#.......#
#^..^..^# +.^^^...# #.....^.#
##+######


You could see 2 killer bees.

Vanquished Creatures
  A deep elf pyromancer (D)
  2 orc sorcerers (D)
  A shadow (D)
  2 redbacks (D)
  4 two-headed ogres (D)
  A necrophage (D)
  A water elemental (D)
  20 killer bees (D)
  A jelly (D)
  2 orc priests (D)
  Jessica (D)
  A wizard (D)
  A necromancer (D)
  3 orc wizards (D)
  3 humans (D)
  A kobold demonologist (D)
  A phantom (D)
  9 orcs (D)
  An endoplasm (D)
  2 rats (D)
58 creatures vanquished.

Vanquished Creatures (collateral kills)
  Erolcha (D)
  A two-headed ogre (D)
  An orc warrior (D)
  6 killer bees (D)
  An orc (D)
10 creatures vanquished.

Grand Total: 68 creatures vanquished

Notes
Turn   | Place    | Note
-------+----------+-------------------------------------------
     0 | D        | boopmooplesden the Minotaur Berserker began the quest for
                  | the Orb.
     0 | D        | Reached XP level 1. HP: 19/19 MP: 0/0
    26 | D        | Noticed Jessica
    34 | D        | Killed Jessica
    34 | D        | Reached ** piety under Trog
    35 | D        | Reached skill level 5 in Fighting
    35 | D        | Reached skill level 5 in Maces & Flails
    35 | D        | Reached XP level 2. HP: 17/30 MP: 1/1
   170 | D        | Reached XP level 3. HP: 37/37 MP: 2/2
   191 | D        | Reached *** piety under Trog
   192 | D        | Reached skill level 6 in Maces & Flails
   216 | D        | Gained mutation: You have very sharp teeth. [potion of
                  | mutation]
   216 | D        | Gained mutation: Your magical capacity is low. (-10% MP)
                  | [potion of mutation]
   216 | D        | Gained mutation: Your natural rate of healing is unusually
                  | fast. [potion of mutation]
   334 | D        | Noticed a water elemental
   335 | D        | Killed a water elemental
   336 | D        | Reached skill level 7 in Maces & Flails
   336 | D        | Reached skill level 1 in Stealth
   336 | D        | Reached XP level 4. HP: 47/47 MP: 2/2
   492 | D        | Found a basalt altar of Yredelemnul.
   492 | D        | Found a shadowy altar of Dithmenos.
   492 | D        | Found a sacrificial altar of Ru.
   492 | D        | Noticed a necrophage
   496 | D        | Killed a necrophage
   497 | D        | Reached skill level 8 in Maces & Flails
   497 | D        | Reached XP level 5. HP: 56/56 MP: 3/3
   506 | D        | Reached skill level 9 in Maces & Flails
   560 | D        | Found a radiant altar of Vehumet.
   562 | D        | Found a shimmering blue altar of Sif Muna.
   562 | D        | Found an ancient bone altar of Kikubaaqudgha.
   565 | D        | Reached **** piety under Trog
   571 | D        | Reached skill level 5 in Dodging
   671 | D        | Found a hide-covered altar of Uskayaw.
   671 | D        | Found an iron altar of Okawaru.
   671 | D        | Found a bloodstained altar of Trog.
   671 | D        | Found an ornate altar of the Wu Jian Council.
   671 | D        | Noticed a human
   672 | D        | Noticed a human
   683 | D        | Killed a human
   683 | D        | Killed a human
   684 | D        | Reached skill level 12 in Maces & Flails
   684 | D        | Reached skill level 5 in Armour
   684 | D        | Reached XP level 6. HP: 32/68 MP: 4/4
   684 | D        | Reached XP level 7. HP: 35/74 MP: 5/5
   836 | D        | Found a glowing silver altar of Zin.
   837 | D        | Found a glowing golden altar of the Shining One.
   837 | D        | Found a white marble altar of Elyvilon.
   837 | D        | Noticed a deep elf pyromancer
   841 | D        | Killed a deep elf pyromancer
   841 | D        | Reached ***** piety under Trog
   842 | D        | Reached skill level 13 in Maces & Flails
   890 | D        | Noticed a shadow
   895 | D        | Killed a shadow
   896 | D        | Reached skill level 14 in Maces & Flails
   896 | D        | Reached XP level 8. HP: 85/85 MP: 6/6
   901 | D        | Found a blossoming altar of Fedhas.
   901 | D        | Found a stormy altar of Qazlal.
   902 | D        | Found a snail-covered altar of Cheibriados.
   902 | D        | Found a burning altar of Makhleb.
   902 | D        | Found a hazy altar of Hepliaklqana.
   902 | D        | Found a shimmering altar of Xom.
   902 | D        | Found an opulent altar of Gozag.
   902 | D        | Found a sparkling altar of Nemelex Xobeh.
   902 | D        | Found a corrupted altar of Lugonu.
   902 | D        | Found a viscous altar of Jiyva.
  1069 | D        | Noticed a two-headed ogre
  1076 | D        | Killed a two-headed ogre
  1077 | D        | Reached skill level 15 in Maces & Flails
  1081 | D        | Noticed Erolcha
  1081 | D        | Noticed a two-headed ogre
  1090 | D        | Killed a two-headed ogre
  1092 | D        | Killed Erolcha
  1093 | D        | Reached skill level 16 in Maces & Flails
  1093 | D        | Reached XP level 9. HP: 40/96 MP: 7/7
  1252 | D        | Reached skill level 17 in Maces & Flails
  1252 | D        | Reached skill level 10 in Dodging
  1444 | D        | Found Usoixtin's General Store.
  1467 | D        | Noticed an orc sorcerer
  1469 | D        | Received a gift from Trog
  1515 | D        | Killed an orc sorcerer
  1516 | D        | Reached skill level 15 in Fighting
  1523 | D        | Noticed an orc sorcerer
  1531 | D        | Killed an orc sorcerer
  1531 | D        | Received a gift from Trog
  1596 | D        | Bought a scroll of enchant weapon for 90 gold pieces
  1643 | D        | Reached skill level 5 in Stealth
  1644 | D        | Reached skill level 18 in Maces & Flails
  1644 | D        | Reached XP level 10. HP: 83/105 MP: 8/8
  1655 | D        | Reached ****** piety under Trog
  1728 | D        | Identified the +10 great mace "Umulum" {flame, Str+3 Dex-2
                  | Stlth+} (Trog gifted it to you in the Dungeon)
  1728 | D        | Received a gift from Trog
  1763 | D        | HP: 2/107 [killer bee (4)]
  1764 | D        | Succumbed to a killer bee's poison

Illustrated notes

Levels and vault maps discovered:
D:        dungeon_sprint_mu [sprint_mu_entry_cave, sprint_mu_temple_rooms,
          sprint_mu_d1_spiders, sprint_mu_d2_genie, sprint_mu_d3_branching,
          sprint_mu_orc_legion, sprint_mu_elf_gauntlet, sprint_mu_hive_nellie,
          sprint_mu_lair_fedhas, sprint_mu_vaults_butterflies,
          sprint_mu_slime_circle, sprint_mu_swamp_cave, sprint_mu_shoals_kraken,
          sprint_mu_blade_basic, sprint_mu_crypt_lich, sprint_mu_tomb_spiral,
          sprint_mu_vestibule_basic, sprint_mu_gehenna_hellfire,
          sprint_mu_dis_giant, sprint_mu_tartarus_statrot,
          sprint_mu_cocytus_islands, sprint_mu_zot1]

Skill      XL: |  1  2  3  4  5  6  7  8  9 10 |
---------------+-------------------------------+-----
Fighting       | 5 7 8 11 12 14 15 | 15.8
Maces & Flails | 5 7 8 12 14 16 18 | 18.6
Armour         | 3 4 5 6 7 |  7.3
Dodging        | 3 4 6 7 9 11 12 | 12.2
Stealth        | 1 2 3 5 |  5.4
Evocations     | |  0.2

Action                   |  1- 3 |  4- 6 |  7- 9 | 10-12 || total
-------------------------+-------+-------+-------+-------++-------
Melee: Mace              |    22 |    30 |    29 |       ||    81
       Headbutt          |     2 |     7 |    12 |     2 ||    23
       Bite              |     1 |     2 |     9 |     3 ||    15
       Dire flail        |       |       |    36 |    28 ||    64
       Great mace        |       |       |       |    13 ||    13
Invok: Berserk           |     2 |     3 |     7 |     1 ||    13
       Brothers in Arms  |       |       |     4 |     1 ||     5
       Trog's Hand       |       |       |     1 |     1 ||     2
Evoke: Phantom mirror    |       |       |     1 |       ||     1
  Use: Scroll            |     3 |       |     1 |       ||     4
       Potion            |     1 |       |     4 |       ||     5
 Stab: Sleeping          |     1 |       |     2 |       ||     3
Armor: Robe              |     2 |     3 |     8 |     5 ||    18
Dodge: Dodged            |     8 |     7 |    60 |    52 ||   127
